 Dungeon Crawl Stone Soup version 0.25.1-2-g60ff931df9 (webtiles) character file.

Game seed: 14691765231559595220

67820 Gunterle the Thaumaturge (level 14, -5/72 HPs)
             Began as a Spriggan Skald on Sept 27, 2020.
             Was the Champion of Wu Jian.
             Slain by a two-headed ogre
             ... wielding a cursed -2 giant club
              (13 damage)
             ... while paralysed by an orc sorcerer
             ... on level 2 of the Orcish Mines.
             The game lasted 02:34:56 (36653 turns).

Gunterle the Thaumaturge (Spriggan Skald)          Turns: 36653, Time: 02:34:59

Health: -5/72      AC:  7    Str: 12    XL:     14   Next: 84%
Magic:  32/33      EV:  4    Int: 19    God:    Wu Jian [******]
Gold:   1858       SH:  0    Dex: 18    Spells: 13/41 levels left

rFire    + . .     SeeInvis +   b - +2 dagger (vamp)
rCold    + + +     Gourm    .   v - +2 buckler
rNeg     . . .     Faith    .   u - +1 robe of Fashionability {rPois rCorr Int+2}
rPois    +         Spirit   .   V - +0 hat of Beogh's Hatred {rC+ rCorr Str+3}
rElec    .         Reflect  +   g - scarf {rC+ rF+}
rCorr    +         Harm     .   (gloves unavailable)
MR       ++...                  (boots unavailable)
Stlth    +++++.....             K - amulet of reflection
HPRegen  0.22/turn              U - +4 ring of protection
MPRegen  0.23/turn              D - ring of Linearity {rC+ Str+2}

@: paralysed, lightly drained, very quick
A: very small, unfitting armour, see invisible, herbivore, speed 3, slow
metabolism 2
a: Wall Jump, Serpent's Lash, Heavenly Storm, Renounce Religion


You were on level 2 of the Orcish Mines.
You worshipped Wu Jian.
Wu Jian was exalted by your worship.
You were hungry.

You visited 4 branches of the dungeon, and saw 21 of its levels.
You also visited: Trove and Ice Cave.

You collected 1995 gold pieces.
You spent 137 gold pieces at shops.

Inventory:

Hand Weapons
 a - a +2 dagger of electrocution
 b - a +2 vampiric dagger (weapon)
 c - a +1 dagger of draining
 x - a +1 dagger of flaming
 J - a cursed -1 rapier
Missiles
 r - 4 throwing nets
 F - 7 boomerangs of dispersal
 X - 5 curare-tipped darts (quivered)
Armour
 g - a scarf of resistance (worn)
 o - a +2 robe of positive energy
 u - the +1 robe of Fashionability (worn) {rPois rCorr Int+2}
   (You found it on level 4 of the Dungeon)

   It affects your intelligence (+2).
   It protects you from poison.
   It provides partial protection from all sources of acid and corrosion.
 v - a +2 buckler (worn)
 P - a +2 robe of magic resistance
 V - the +0 hat of Beogh's Hatred (worn) {rC+ rCorr Str+3}
   (You found it in a treasure trove)

   It affects your strength (+3).
   It protects you from cold.
   It provides partial protection from all sources of acid and corrosion.
Magical Staves
 t - an uncursed staff of death
Jewellery
 s - an uncursed ring of ice
 D - the ring of Linearity (right hand) {rC+ Str+2}
   (You found it in an ice cave)

   [ring of protection from cold]

   It affects your strength (+2).
   It protects you from cold.
 K - an amulet of reflection (around neck)
 L - an uncursed ring of wizardry
 R - an uncursed ring of protection from cold
 S - a +4 ring of protection
 U - a +4 ring of protection (left hand)
Wands
 z - a wand of flame (20)
 I - a wand of digging (10)
Scrolls
 e - 3 scrolls of fear
 f - 5 scrolls of teleportation
 l - a scroll of identify
 p - a scroll of blinking
 q - 5 scrolls of magic mapping
 y - a scroll of immolation
 B - 4 scrolls of remove curse
 W - a scroll of vulnerability {unknown}
 Y - a scroll of fog
Potions
 h - 3 potions of haste
 i - 2 potions of stabbing
 j - 5 potions of heal wounds
 k - 2 potions of cancellation
 m - 4 potions of ambrosia
 n - 5 potions of brilliance
 w - 5 potions of curing
 A - 5 potions of flight
 C - 3 potions of lignification
 E - a potion of resistance
Miscellaneous
 H - a phial of floods
Comestibles
 d - 21 rations


   Skills:
 + Level 7.4(7.0) Fighting
 + Level 12.8(12.2) Short Blades
 + Level 12.4(11.9) Dodging
 + Level 12.8(12.3) Stealth
 - Level 7.4(6.9) Shields
 * Level 14.1(13.5) Spellcasting
 * Level 7.2(6.7) Hexes
 - Level 8.4(7.9) Charms
 - Level 1.7(1.3) Translocations
 - Level 4.0(3.5) Ice Magic
 + Level 5.3(4.8) Air Magic
 + Level 3.2(2.8) Evocations


You had 13 spell levels left.
You knew the following spells:

 Your Spells              Type           Power        Failure   Level  Hunger
a - Infusion              Chrm           ####         1%          1    None
b - Shroud of Golubria    Chrm/Tloc      ####..       1%          2    None
c - Song of Slaying       Chrm           #####...     1%          2    None
d - Apportation           Tloc           ###...       3%          1    None
e - Spectral Weapon       Hex/Chrm       #####...     1%          3    None
f - Ozocubu's Armour      Chrm/Ice       ####....     1%          3    None
g - Airstrike             Air            ####......   7%          4    None
h - Ring of Flames        Chrm/Fire      ####......   100%        7    #######
i - Silence               Hex/Air        ####......   13%         5    ####...

Your spell library contained the following spells:

 Spells                   Type           Power        Failure   Level  Hunger
 Corona                   Hex            #####..      1%          1    None
 Freeze                   Ice            ####         1%          1    None
 Shock                    Conj/Air       ###.         1%          1    None
 Swiftness                Chrm/Air       #####...     1%          2    None
 Poisonous Vapours        Pois/Air       ###...       3%          2    None
 Frozen Ramparts          Ice            ####..       3%          3    None
 Animate Skeleton         Necr           N/A          5%          1    None
 Summon Small Mammal      Summ           ##..         5%          1    None
 Static Discharge         Conj/Air       ###.....     6%          3    None
 Passwall                 Tmut/Erth      ##......     8%          2    None
 Mephitic Cloud           Conj/Pois/Air  ###.....     8%          3    None
 Conjure Flame            Conj/Fire      ##......     16%         3    None
 Metabolic Englaciation   Hex/Ice        ####......   17%         5    ####...
 Summon Lightning Spire   Summ/Air       ###.....     19%         4    None
 Hailstorm                Conj/Ice       ###.....     24%         4    None
 Ice Form                 Ice/Tmut       ###.....     24%         4    None
 Summon Ice Beast         Ice/Summ       ###.....     24%         4    None
 Passage of Golubria      Tloc           N/A          30%         4    None
 Darkness                 Hex            #####.....   45%         6    #####..
 Invisibility             Hex            #####...     45%         6    #####..
 Lightning Bolt           Conj/Air       ###.......   47%         5    ####...
 Lee's Rapid Deconstruct  Erth           ##........   82%         5    ####...
 Ozocubu's Refrigeration  Ice            ####......   88%         6    #####..
 Freezing Cloud           Conj/Ice/Air   ###.......   94%         6    #####..
 Conjure Ball Lightning   Conj/Air       ###.......   96%         6    #####..
 Simulacrum               Ice/Necr       ###.......   98%         6    #####..
 Tornado                  Air            ####......   100%        9    #######


Dungeon Overview and Level Annotations

Branches:
Dungeon (12/15)            Temple (1/1) D:5            Lair (6/6) D:8
 Shoals (0/4) Lair:3        Snake (0/4) Lair:3        Slime (0/5) Lair:5
    Orc (2/2) D:10          IceCv (visited)
    Elf: Orc:2

Altars:
Ashenzari
Cheibriados
Dithmenos
Elyvilon
Fedhas
Gozag
Hepliaklqana
Kikubaaqudgha
Makhleb
Nemelex Xobeh
Okawaru
Qazlal
Ru
Sif Muna
Trog
Uskayaw
Vehumet
Wu Jian
Xom
Yredelemnul
Zin
The Shining One

Shops:
D:5 *   D:10 *   Orc:2 *

Annotations:
D:1 1 runed translucent door
D:3 1 exclusion, Crazy Yiuf
D:8 Maggie
D:10 Maurice
Lair:5 1 runed translucent door, Panli's ghost, journeyman CeAM


Innate Abilities, Weirdness & Mutations

You are very small and have problems with some larger weapons.
You are too small for most types of armour.
You have supernaturally acute eyesight. (SInv)
You are a herbivore.
You cover ground extremely quickly.
You need to consume almost no food.


Message History

You block the troll's attack. The warg completely misses you.
An orc priest comes into view. It is wielding a +0 flail.
There is a stone staircase leading up here.
The troll completely misses you. You block the troll's attack.
The troll misses you.
The two-headed ogre completely misses you.
You block the two-headed ogre's attack. The warg completely misses you.
The two-headed ogre misses you.
The two-headed ogre hits you with a +0 giant spiked club!!
Your shroud falls apart!
The orc sorcerer gestures at you while chanting.
You suddenly lose the ability to move!
The orc hits you with a +0 hand axe.
The two-headed ogre shouts in stereo!
The troll shouts!
The troll bites you! The troll barely misses you. The troll claws you!
The warg bites you!
* * * LOW HITPOINT WARNING * * *
The orc sorcerer hits you with a +0 dagger.
* * * LOW HITPOINT WARNING * * *
The two-headed ogre hits you with a cursed -2 giant club!
You die...

#..............
...............
......#.........
.....$..........
...........$....
..o.....o........
.o.....oOT.......
......ho@oT.....
........hOT.O..####
..$.....OTT.....#.#
...........Oo..#...
...........OO$.o...
.............To....
...#....).)[...T..$
...................
...∩....$....#.....


You could see an orc knight, 4 two-headed ogres, a deep troll, 6 trolls, 2
wargs, an orc sorcerer, an orc warrior, 3 ogres, 2 orc priests and 4 orcs.

Vanquished Creatures
  Gastronok (Lair:2)
  A frost giant (IceCv)
  A stone giant (Orc:1)
  4 ettins
  A fire dragon (Lair:6)
  6 hydras
  Harold (Lair:2)
  Fannar (Lair:2)
  3 two-headed ogres
  A death yak (IceCv)
  Nergalle (D:10)
  Sonja (Lair:4)
  An unseen horror (D:10)
  A lindwurm (Lair:6)
  An orc knight (D:12)
  13 cyclopes
  An ugly thing (D:11)
  Joseph (D:9)
  5 centaur zombies
  9 black mambas
  4 elephants
  2 molten gargoyles (Lair:6)
  A gargoyle (D:11)
  2 torpor snails
  10 spiny frogs
  4 rime drakes
  7 komodo dragons
  2 trolls
  12 polar bears
  Prince Ribbit (D:8)
  3 hippogriffs
  18 blink frogs
  10 dream sheep
  2 shadows
  5 wyverns
  A spriggan (D:8)
  49 yaks
  3 basilisks
  2 hungry ghosts
  2 steam dragons (Lair:6)
  5 wargs
  6 water moccasins
  4 nagas (Lair:3)
  A soldier ant (D:10)
  8 porcupines
  3 hell hounds (Lair:6)
  An acid dragon (D:12)
  2 black bears
  2 phantoms
  10 orc warriors
  3 eyes of draining
  16 ogres
  A necrophage (D:11)
  25 wolves
  3 centaurs
  12 crocodiles
  2 big kobolds
  12 bullfrogs
  Blork the orc (D:5)
  A gnoll sergeant (D:8)
  A wyvern skeleton (D:12)
  5 scorpions
  6 wights
  11 killer bees (D:11)
  6 howler monkeys
  4 lava snakes (Lair:6)
  6 crimson imps
  4 hounds
  2 quasits
  A bullfrog zombie (D:5)
  3 jellies
  11 orc priests
  A gnoll shaman (D:8)
  18 orc wizards
  A bullfrog skeleton (D:6)
  4 iguanas
  2 hell rats (Lair:4)
  10 worker ants
  A human simulacrum (D:9)
  2 hound skeletons
  A mummy (D:6)
  Robin (D:3)
  A howler monkey zombie (D:10)
  13 gnolls
  17 adders
  7 river rats (Lair:4)
  3 shadow imps
  12 white imps (Lair:4)
  An adder zombie (D:6)
  3 worms
  2 dart slugs
  4 leopard geckos
  69 orcs
  4 giant cockroaches
  9 goblins
  9 hobgoblins
  5 jackals (D:7)
  15 kobolds
  3 quokkas
  2 ball pythons
  8 bats
  5 frilled lizards
  A quokka zombie (D:6)
  9 rats
615 creatures vanquished.

Vanquished Creatures (collateral kills)
  A warg (D:8)
  A big kobold (D:10)
  3 wights (D:12)
  2 orc priests
  A hound (D:10)
8 creatures vanquished.

Vanquished Creatures (others)
  3 yaks (IceCv)
  3 wolves (IceCv)
  A wight (D:12)
  A jelly (D:9)
  An orc wizard (D:9)
  A human simulacrum (D:9)
  A howler monkey skeleton (D:9)
  2 orcs
  44 fungi
  23 plants
  22 spectral weapons
102 creatures vanquished.

Grand Total: 725 creatures vanquished

Notes
Turn   | Place    | Note
-------+----------+-------------------------------------------
     0 | D:1      | Gunterle the Spriggan Skald began the quest for the Orb.
     0 | D:1      | Reached XP level 1. HP: 10/10 MP: 5/5
     1 | D:1      | Found a runed translucent door.
   353 | D:1      | Reached XP level 2. HP: 14/14 MP: 6/6
   357 | D:1      | Learned a level 2 spell: Shroud of Golubria
   360 | D:1      | Learned a level 2 spell: Song of Slaying
   693 | D:1      | Reached skill level 3 in Spellcasting
   755 | D:1      | Reached skill level 1 in Stealth
  1331 | D:2      | Found a radiant altar of Vehumet.
  1334 | D:2      | Found a sparkling altar of Nemelex Xobeh.
  1337 | D:2      | Found a shimmering blue altar of Sif Muna.
  1353 | D:2      | Found an iron altar of Okawaru.
  1508 | D:2      | Reached XP level 3. HP: 9/18 MP: 2/8
  2034 | D:2      | Reached skill level 5 in Charms
  2162 | D:2      | Reached skill level 1 in Translocations
  2531 | D:2      | Reached XP level 4. HP: 21/23 MP: 6/9
  2650 | D:2      | Found a hazy altar of Hepliaklqana.
  2855 | D:3      | Noticed Robin
  3003 | D:3      | Killed Robin
  3117 | D:3      | Learned a level 1 spell: Apportation
  3121 | D:3      | Learned a level 3 spell: Spectral Weapon
  3231 | D:3      | Found a runed translucent door.
  3232 | D:3      | Noticed Crazy Yiuf
  3671 | D:3      | Reached XP level 5. HP: 26/26 MP: 11/11
  4135 | D:4      | Got an ichor-stained robe
  4145 | D:4      | Identified the cursed +1 robe of Fashionability {rPois
                  | rCorr Int+2} (You found it on level 4 of the Dungeon)
  4403 | D:4      | Found a shimmering altar of Xom.
  4563 | D:4      | Found a glowing golden altar of the Shining One.
  4676 | D:5      | Entered Level 5 of the Dungeon
  4693 | D:5      | Reached skill level 4 in Spellcasting
  4693 | D:5      | Reached skill level 1 in Hexes
  4719 | D:5      | Reached XP level 6. HP: 28/30 MP: 2/13
  4835 | D:5      | Found Zedyamy's Assorted Antiques.
  4843 | D:5      | Bought a metallic dark potion for 20 gold pieces
  4843 | D:5      | Bought 3 scrolls labeled BEODUQ JAENEIN for 69 gold pieces
  4843 | D:5      | Bought a fizzy emerald potion for 20 gold pieces
  5221 | D:5      | Noticed Blork the orc
  5231 | D:5      | Killed Blork the orc
  5239 | D:5      | Reached skill level 5 in Dodging
  5435 | D:5      | Reached XP level 7. HP: 31/35 MP: 7/15
  5513 | D:5      | Found a staircase to the Ecumenical Temple.
  5523 | Temple   | Entered the Ecumenical Temple
  5568 | Temple   | Became a worshipper of the Wu Jian Council
  6112 | D:6      | Reached skill level 1 in Shields
  6112 | D:6      | Reached skill level 5 in Spellcasting
  6516 | D:6      | Found a snail-covered altar of Cheibriados.
  6854 | D:6      | Reached skill level 5 in Short Blades
  6854 | D:6      | Reached XP level 8. HP: 30/39 MP: 3/17
  7257 | D:7      | Reached * piety under Wu Jian
  7312 | D:7      | Reached skill level 6 in Spellcasting
  7601 | D:7      | Found a blossoming altar of Fedhas.
  7765 | D:7      | Found a basalt altar of Yredelemnul.
  7774 | D:7      | Found a shadowy altar of Dithmenos.
  7971 | D:8      | Reached skill level 5 in Stealth
  8098 | D:8      | Found a staircase to the Lair.
  8758 | D:8      | Reached XP level 9. HP: 32/44 MP: 9/20
  8788 | D:8      | Reached ** piety under Wu Jian
  8938 | D:8      | Reached skill level 7 in Spellcasting
  8940 | D:8      | Noticed Prince Ribbit
  8950 | D:8      | Killed Prince Ribbit
  9591 | D:8      | Noticed Maggie
  9680 | D:8      | Noticed a two-headed ogre
  9706 | D:8      | Killed a two-headed ogre
  9706 | D:8      | Reached skill level 8 in Spellcasting
 10196 | D:9      | Reached *** piety under Wu Jian
 10331 | D:9      | Reached XP level 10. HP: 45/49 MP: 16/23
 10344 | D:9      | Noticed Joseph
 10372 | D:9      | Killed Joseph
 10372 | D:9      | Reached skill level 5 in Hexes
 10603 | D:9      | Found a sacrificial altar of Ru.
 10816 | D:9      | Found a bloodstained altar of Trog.
 11457 | D:10     | Entered Level 10 of the Dungeon
 11600 | D:10     | Noticed Maurice
 11628 | D:10     | Noticed Nergalle
 12084 | D:10     | Noticed a two-headed ogre
 12111 | D:10     | Killed a two-headed ogre
 12269 | D:10     | Found Woamupt's Assorted Antiques.
 12272 | D:10     | Bought a scroll labeled UFFAHU HUFADUR for 28 gold pieces
 12647 | D:10     | Reached **** piety under Wu Jian
 12688 | D:10     | Reached skill level 9 in Spellcasting
 12793 | D:10     | Learned a level 3 spell: Ozocubu's Armour
 12793 | D:10     | Found a portal to a secret trove of treasure.
 12802 | Trove    | Entered a treasure trove
 12826 | Trove    | Got a slimy robe
 12836 | Trove    | Identified the +0 robe of the Storm King {Int+2} (You found
                  | it in a treasure trove)
 12877 | Trove    | Got a bloodstained hat
 12887 | Trove    | Identified the +0 hat of Beogh's Hatred {rC+ rCorr Str+3}
                  | (You found it in a treasure trove)
 13056 | D:10     | Noticed an unseen horror
 13071 | D:10     | Killed an unseen horror
 13244 | D:10     | Found a staircase to the Orcish Mines.
 13629 | D:9      | Reached skill level 1 in Ice Magic
 14299 | D:11     | Noticed a gargoyle
 14330 | D:11     | Killed a gargoyle
 14562 | D:10     | Learned a level 4 spell: Airstrike
 14740 | D:11     | Reached XP level 11. HP: 54/54 MP: 16/25
 14935 | D:11     | Reached skill level 5 in Shields
 14967 | D:10     | Killed Nergalle
 15199 | D:10     | Reached skill level 1 in Air Magic
 15269 | D:11     | Reached skill level 5 in Fighting
 15501 | D:11     | Reached skill level 10 in Spellcasting
 16769 | D:12     | Noticed a red ugly thing
 16837 | D:11     | Killed a red ugly thing
 18277 | D:12     | Noticed an orc knight
 18352 | D:12     | Killed an orc knight
 18394 | D:12     | Learned a level 7 spell: Ring of Flames
 18614 | Lair:1   | Entered Level 1 of the Lair of Beasts
 19041 | Lair:1   | Reached XP level 12. HP: 60/60 MP: 17/27
 19158 | Lair:1   | Reached skill level 10 in Short Blades
 19276 | Lair:1   | Noticed a five-headed hydra
 19285 | Lair:1   | Killed a five-headed hydra
 19492 | Lair:1   | Reached skill level 11 in Spellcasting
 20033 | Lair:1   | Reached skill level 10 in Dodging
 20160 | Lair:1   | Reached skill level 10 in Stealth
 20297 | Lair:2   | Noticed Harold
 20336 | Lair:2   | Killed Harold
 20619 | Lair:2   | Noticed Gastronok
 21658 | Lair:3   | Found a staircase to the Snake Pit.
 22144 | Lair:3   | Found a staircase to the Shoals.
 22522 | Lair:4   | Found a frozen archway.
 22558 | IceCv    | Entered an ice cave
 22764 | IceCv    | Got a vibrating golden ring
 23178 | IceCv    | Noticed a death yak
 23416 | IceCv    | Killed a death yak
 24216 | IceCv    | Noticed a frost giant
 24316 | IceCv    | Killed a frost giant
 24316 | IceCv    | Reached skill level 12 in Spellcasting
 24316 | IceCv    | Reached XP level 13. HP: 46/65 MP: 13/30
 24768 | IceCv    | Got a fabulously ornate robe
 24778 | IceCv    | Identified the cursed +0 robe of the Great Game {Int-3
                  | Dex+7} (You found it in an ice cave)
 26006 | Lair:4   | Noticed Sonja
 26019 | Lair:4   | Killed Sonja
 26093 | Lair:4   | Reached ***** piety under Wu Jian
 26513 | Lair:5   | Noticed Panli's ghost (journeyman CeAM)
 26515 | Lair:5   | Found a runed translucent door.
 26938 | Lair:5   | Found a staircase to the Slime Pits.
 27807 | Lair:6   | Entered Level 6 of the Lair of Beasts
 29126 | Lair:6   | Reached skill level 13 in Spellcasting
 29446 | Lair:6   | Identified the ring of Linearity {rC+ Str+2} (You found it
                  | in an ice cave)
 30394 | Lair:6   | Reached XP level 14. HP: 64/70 MP: 27/32
 32367 | Lair:6   | Found a large runed translucent door.
 32367 | Lair:6   | Found a large runed translucent door.
 32566 | Lair:6   | Learned a level 5 spell: Silence
 32848 | Lair:2   | Killed Gastronok
 33085 | Lair:2   | Reached skill level 1 in Evocations
 33191 | Lair:2   | Noticed Fannar
 33249 | Lair:2   | Killed Fannar
 33589 | Orc:1    | Entered Level 1 of the Orcish Mines
 34687 | Orc:1    | Reached skill level 5 in Air Magic
 34885 | Orc:1    | Noticed a stone giant
 35148 | Orc:1    | Killed a stone giant
 35148 | Orc:1    | Reached skill level 14 in Spellcasting
 35407 | Orc:1    | HP: 1/72 [ettin/+2 dire flail of protection (7)]
 36142 | Orc:2    | Entered Level 2 of the Orcish Mines
 36143 | Orc:2    | Found Fogo's General Store.
 36303 | Orc:2    | Noticed an orc warlord
 36336 | Orc:1    | Reached ****** piety under Wu Jian
 36652 | Orc:2    | Paralysed by an orc sorcerer for 5 turns
 36653 | Orc:2    | Slain by a two-headed ogre

Illustrated notes

Levels and vault maps discovered:
D:1:      dpeg_arrival_caged_fury, layout_loops_corners, minmay_door_square
D:2:      layout_basic, grunt_temple_overflow_cloverleaf, marbit_many_paths
D:3:      layout_basic, first_ration, uniq_robin, uniq_crazy_yiuf_cottage
D:4:      layout_gridville, tgw_xom, tso_metal_star
D:5:      layout_basic, minmay_temple_entry_arrows, serial_shops,
          nicolae_shop_crystal, uniq_blork_the_orc
D:6:      layout_rooms, slow_altar_1
D:7:      layout_cave_pools, lemuel_crystal_altar,
          amethyst_overflow_temple_binary
D:8:      layout_loops_cross, erik_lair_orcish_takeover, grunt_pizzeria,
          minmay_misc_feat_enclosed, grunt_ministairs_13, uniq_maggie,
          uniq_prince_ribbit1
D:9:      layout_basic, lemuel_doored_altar, kennysheep_little_box,
          bh_circular_ruins, uniq_joseph
D:10:     layout_basic, hiddenorc2_lemuel, serial_shops,
          nicolae_shop_behind_doors, nicolae_trove_entry_free_sample,
          uniq_nergalle, uniq_maurice
D:11:     layout_irregular_city
D:12:     layout_basic, minmay_fractal_squares_gapless_7
Temple:   jpeg_temple_island
Lair:1:   layout_chaotic_city, beast_lair_carwin_1
Lair:2:   layout_roguey, uniq_gastronok, uniq_harold, uniq_fannar
Lair:3:   wander_river, layout_regular_city, shoals_dummy_entry,
          guppyfry_snake_entry_garden
Lair:4:   layout_cave_shapes, portal_ice_cave_entry_imps,
          kennysheep_abandoned_house, lemuel_fruit_fields, uniq_sonja
Lair:5:   layout_regular_city, slime_dummy, hellmonk_ghost_happy_afterlife,
          wad_woods_road_03
Lair:6:   cheibrodos_lair_end_hotspot, layout_layer_cave
Orc:1:    giant_chief_lemuel, layout_caves, lemuel_statue_altar
Orc:2:    st_orc_open, layout_caves, basic_altar, serial_shops, shop

Skill      XL: |  1  2  3  4  5  6  7  8  9 10 11 12 13 14 |
---------------+-------------------------------------------+-----
Spellcasting   | 3 4 5 6 8 9 10 12 13 14 | 14.1
Stealth        | 1 2 3 4 5 6 8 9 10 11 12 | 12.8
Charms         | 5 6 7 8 |  8.4
Translocations | 1 |  1.7
Dodging        | 4 5 6 7 8 9 10 11 12 | 12.4
Short Blades   | 3 4 5 6 7 8 9 11 12 | 12.8
Fighting       | 2 3 4 5 6 7 |  7.4
Hexes          | 1 2 3 4 5 7 |  7.2
Shields        | 1 2 3 4 6 7 |  7.4
Ice Magic      | 1 2 3 4 |  4.0
Air Magic      | 1 3 5 |  5.3
Evocations     | 3 |  3.2

Action                   |  1- 3 |  4- 6 |  7- 9 | 10-12 | 13-15 || total
-------------------------+-------+-------+-------+-------+-------++-------
Melee: Short sword       |    99 |     6 |       |       |       ||   105
       Dagger            |       |   167 |   371 |  1848 |  2694 ||  5080
Throw: Stone             |     3 |    25 |       |       |       ||    28
       Dart              |       |       |       |    49 |    21 ||    70
       Throwing net      |       |       |       |       |     1 ||     1
 Cast: Infusion          |    21 |    21 |    27 |    64 |    41 ||   174
       Shroud of Golubri |     4 |    15 |    21 |    56 |    67 ||   163
       Song of Slaying   |       |       |     9 |    28 |     9 ||    46
       Spectral Weapon   |       |       |    11 |    39 |    68 ||   118
       Ozocubu's Armour  |       |       |       |    31 |    33 ||    64
Invok: Lunge             |       |       |    18 |    50 |    45 ||   113
       Whirlwind         |       |       |     2 |    30 |    54 ||    86
       Serpent's Lash    |       |       |       |     1 |     2 ||     3
 Abil: Wall Jump         |       |       |       |     2 |    13 ||    15
Evoke: Wand              |       |     7 |     8 |    39 |    46 ||   100
       Phial of floods   |       |       |       |     1 |     1 ||     2
  Use: Scroll            |     1 |     8 |     5 |    15 |     4 ||    33
       Potion            |       |     1 |     1 |     1 |     4 ||     7
 Stab: Sleeping          |     5 |     7 |    10 |    23 |    24 ||    69
       Distracted        |       |       |       |    17 |    22 ||    39
       Paralysed         |       |       |       |     3 |     2 ||     5
       Held in net/web   |       |       |       |       |     1 ||     1
  Eat: Ration            |       |     1 |     3 |     9 |     9 ||    22
Armor: Robe              |     4 |     9 |    17 |   148 |   151 ||   329
Dodge: Dodged            |    74 |   100 |   275 |  1182 |  1281 ||  2912
Block: Buckler           |       |       |       |       |   655 ||   655
       Reflection        |       |       |       |       |    16 ||    16
